 Dungeon Crawl Stone Soup version 0.21.1-1-g345015fe64 (webtiles) character file.

253 Kohma the Ruffian (level 5, -5/53 HPs)
             Began as a Troll Monk on June 19, 2018.
             Killed by nerve-wracking pain
             ... invoked by an orc priest
              (8 damage)
             ... on level 3 of the Dungeon.
             The game lasted 00:04:29 (2054 turns).

Kohma the Ruffian (Troll Monk)                      Turns: 2054, Time: 00:04:29

Health: -5/53      AC:  5    Str: 19    XL:     5   Next: 90%
Magic:  4/4        EV: 11    Int:  6    God:
Gold:   128        SH:  0    Dex: 13    Spells: 4/4 levels left

rFire    . . .     SeeInvis .     - Unarmed
rCold    . . .     Gourm    +   (no shield)
rNeg     . . .     Faith    .   a - +0 robe
rPois    .         Spirit   .   (helmet restricted)
rElec    .         Reflect  .   (no cloak)
rCorr    .         Harm     .   (gloves unavailable)
MR       .....                  (boots unavailable)
Stlth    ++........             (no amulet)
HPRegen  0.57/turn              (no ring)
MPRegen  0.09/turn              (no ring)

@: no status effects
A: large, unfitting armour, claws 3, fast metabolism 3, gourmand, regeneration
1, shaggy fur 1, tough skin 2
a: no special abilities


You were on level 3 of the Dungeon.
You were completely stuffed.

You visited 1 branch of the dungeon, and saw 3 of its levels.

You collected 128 gold pieces.

Inventory:

Armour
 a - a +0 robe (worn)
Jewellery
 g - a +2 ring of intelligence {unknown}
Scrolls
 c - a scroll of teleportation {unknown}
 d - 6 scrolls of identify {unknown}
 e - 2 scrolls of remove curse {unknown}
 f - a scroll of magic mapping {unknown}
Potions
 h - a potion of curing {unknown}
 i - a potion of haste {unknown}
 j - a potion of lignification {unknown}
 k - 2 potions of heal wounds {unknown}
 l - a potion of magic {unknown}
 m - a potion of berserk rage {unknown}
 n - a potion of cancellation {unknown}
 p - a potion of might {unknown}
Comestibles
 b - 6 rations
 o - 2 chunks of flesh


   Skills:
 + Level 3.4 Fighting
 + Level 3.4 Dodging
 - Level 1.0 Stealth
 * Level 5.1 Unarmed Combat


You had 4 spell levels left.
You didn't know any spells.

Dungeon Overview and Level Annotations

Branches:
Dungeon (3/15)

Altars:
Ru


Innate Abilities, Weirdness & Mutations

You are too large for most types of armour.
You have claws for hands.
Your metabolism is lightning-fast.
You like to eat raw meat.
Your natural rate of healing is unusually fast.
You are covered in fur. (AC +1)
You have very tough skin. (AC +2)


Message History

You barely miss the orc priest.
The orc priest is heavily wounded.
The orc priest barely misses you.
You scratch the orc priest.
The orc priest is severely wounded.
The orc priest barely misses you.
You barely miss the orc priest.
The orc priest is severely wounded.
The orc priest hits you but does no damage.
You closely miss the orc priest.
The orc priest is severely wounded.
The orc priest hits you with a dagger.
* * * LOW HITPOINT WARNING * * *
You scratch the orc priest but do no damage.
The orc priest is severely wounded.
You completely miss the orc priest.
The orc priest is severely wounded.
The orc priest invokes the aid of Beogh against you.
Pain shoots through your body!
You die...

### ##+# #.. #...#
#.# # .....# ##.#
.# ......#
##..##.#
.......####......#
......wo@......#
.......####....#
?.....#
##...#####.#
.....# ##........#
#...# ##.######
##+# #.# #.# #.#
#.###########.#
##.#.........#.#


You could see a worm and an orc priest.

Vanquished Creatures
  A centaur (D:2)
  2 orc wizards (D:3)
  5 adders
  2 worms (D:2)
  2 dart slugs
  A leopard gecko (D:2)
  3 orcs (D:3)
  9 bats
  4 giant cockroaches
  8 goblins
  8 hobgoblins
  6 jackals
  4 kobolds
  A ball python (D:1)
  3 frilled lizards (D:2)
  8 rats
67 creatures vanquished.

Notes
Turn   | Place    | Note
-------+----------+-------------------------------------------
     0 | D:1      | Kohma the Troll Monk began the quest for the Orb.
     0 | D:1      | Reached XP level 1. HP: 22/22 MP: 0/0
   163 | D:1      | Reached XP level 2. HP: 29/29 MP: 1/1
   744 | D:1      | Reached XP level 3. HP: 36/36 MP: 2/2
   907 | D:2      | Found a sacrificial altar of Ru.
  1032 | D:2      | Reached skill level 4 in Unarmed Combat
  1155 | D:2      | Reached XP level 4. HP: 30/44 MP: 3/3
  1283 | D:2      | Noticed a centaur
  1288 | D:2      | Killed a centaur
  1288 | D:2      | Reached XP level 5. HP: 48/53 MP: 4/4
  2029 | D:3      | Reached skill level 5 in Unarmed Combat
  2048 | D:3      | HP: 1/53 [orc priest/dagger (8)]
  2054 | D:3      | Killed from afar by an orc priest

Skill      XL: |  1  2  3  4  5 |
---------------+----------------+-----
Unarmed Combat | 4 5 |  5.1
Fighting       | 3 |  3.4
Dodging        | 3 |  3.4
Stealth        | |  1.0

Action                   |  1- 3 |  4- 6 || total
-------------------------+-------+-------++-------
Melee: Unarmed           |    97 |    87 ||   184
       Punch             |     1 |     3 ||     4
 Stab: Sleeping          |     4 |       ||     4
  Eat: Chunk             |    16 |     8 ||    24
Armor: Robe              |    57 |    23 ||    80
Dodge: Dodged            |    61 |    41 ||   102
